 Dungeon Crawl Stone Soup version 0.19-a0-1238-gee6bd96 (webtiles) character file.

1049 JustSomeDude the Shield-Bearer (level 8, -5/60 HPs)
             Began as a Demonspawn Fighter on Aug 26, 2016.
             Was a Believer of Yredelemnul.
             Slain by Crazy Yiuf
             ... wielding a +4 quarterstaff of chaos
              (10 damage)
             ... on level 5 of the Dungeon.
             The game lasted 00:09:24 (3955 turns).

JustSomeDude the Shield-Bearer (Demonspawn Fighter) Turns: 3955, Time: 00:09:24

Health: -5/60      AC:  7    Str: 18    XL:     8   Next: 5%
Magic:  0/8        EV:  9    Int: 11    God:    Yredelemnul [**....]
Gold:   124        SH: 10    Dex: 12    Spells: 0 memorised, 7 levels left

rFire  . . .     SeeInvis .     i - +0 spear (venom)
rCold  + . .     Gourm    .     b - +0 scale mail
rNeg   . . .     Faith    .     c - +0 shield
rPois  .         Spirit   +     (no helmet)
rElec  .         Dismiss  .     (no cloak)
rCorr  .         Reflect  .     (no gloves)
MR     .....     Harm     .     (no boots)
Stlth  ..........               (no amulet)
                                (no ring)
                                (no ring)

@: no status effects
A: talons 2, cold resistance 1, magic shield, magic regeneration, magic link
a: Animate Remains, Recall Undead Slaves, Injury Mirror, Renounce Religion


You were on level 5 of the Dungeon.
You worshipped Yredelemnul.
Yredelemnul was pleased with you.
You were not hungry.

You visited 2 branches of the dungeon, and saw 6 of its levels.

You collected 124 gold pieces.

Inventory:

Hand Weapons
 i - a +0 spear of venom (weapon)
Armour
 b - a +0 scale mail (worn)
 c - a +0 shield (worn)
Jewellery
 t - an uncursed ring of protection from magic {unknown}
Scrolls
 a - 5 scrolls of identify {unknown}
 h - 3 scrolls of remove curse {unknown}
 j - 4 scrolls of enchant weapon {unknown}
 m - 2 scrolls of noise {unknown}
 o - 3 scrolls of teleportation {unknown}
 p - a scroll of fear {unknown}
 v - a scroll of recharging {unknown}
 w - a scroll of fog {unknown}
Potions
 d - a potion of might
 e - 3 potions of cancellation {unknown}
 k - 3 potions of haste {unknown}
 n - a potion of lignification {unknown}
 q - a potion of resistance {unknown}
 r - 2 potions of curing
 s - a potion of berserk rage
 u - a potion of heal wounds {unknown}
Comestibles
 f - 7 bread rations
 g - 3 meat rations
 l - 2 beef jerkies
 x - 4 chunks of flesh


   Skills:
 + Level 4.0 Fighting
 + Level 3.9 Polearms
 + Level 4.8 Armour
 + Level 3.5 Dodging
 + Level 1.3 Stealth
 + Level 5.2 Shields


You had 7 spell levels left.
You didn't know any spells.

Dungeon Overview and Level Annotations

Branches:
Dungeon (5/15)             Temple (1/1) D:5

Altars:
Cheibriados
Elyvilon
Fedhas
Gozag
Hepliaklqana
Kikubaaqudgha
Okawaru
Qazlal
Ru
Sif Muna
Trog
Xom
Yredelemnul
The Shining One

Annotations:
D:5 Crazy Yiuf


Innate Abilities, Weirdness & Mutations

You have razor-sharp toenails.
Your flesh is cold resistant. (rC+)
When hurt, damage is shared between your health and your magic reserves.
You regenerate magic rapidly.
When low on magic, you restore magic in place of health.


Message History

Crazy Yiuf hits you with a quarterstaff of chaos!
Crazy Yiuf burns you!
Crazy Yiuf hits you with a quarterstaff of chaos.
Crazy Yiuf draws strength from your injuries!
Crazy Yiuf barely misses you. You block Crazy Yiuf's attack.
You swap places.
Something hits your ogre zombie!
Your ogre zombie is destroyed!
Crazy Yiuf hits you with a quarterstaff of chaos!!
Crazy Yiuf freezes you.
* * * LOW HITPOINT WARNING * * *
Crazy Yiuf barely misses you.
You feel better.
Crazy Yiuf hits you with a quarterstaff of chaos!!
* * * LOW HITPOINT WARNING * * *
Crazy Yiuf looks more healthy.
You block Crazy Yiuf's attack.
Crazy Yiuf rages.
Crazy Yiuf hits you with a quarterstaff of chaos!
You die...
Your body rises from the dead as a mindless zombie.

...#
#.......#
#'# ######
...#
#.......#
♣.♣♣ ...#
#.......#
♣♣.♣ ...#
#.......#
♣.♣♣ ...#
#.......#
♣♣.♣ ####
#######.#
♣♣)♣♣ #.#
♣...♣ #.#
♣♣...♣ #@#
#....#
#g####....#
#........##
#####...##
#####


You could see Crazy Yiuf (berserk).

Vanquished Creatures
  Prince Ribbit (D:5)
  2 phantoms
  2 ogres
  A centaur (D:5)
  A crimson imp (D:5)
  2 hounds
  An iguana (D:4)
  2 worker ants (D:4)
  3 adders
  3 worms
  3 dart slugs
  4 giant geckos
  10 orcs
  6 bats
  A giant cockroach (D:4)
  10 goblins
  11 hobgoblins
  4 jackals (D:3)
  2 quokkas (D:3)
  6 giant newts
  12 kobolds
  3 rats (D:1)
90 creatures vanquished.

Vanquished Creatures (collateral kills)
  Eustachio (D:5)
  An orc priest (D:5)
  An orc wizard (D:4)
  An adder (D:4)
  3 orcs (D:5)
  A giant cockroach (D:4)
8 creatures vanquished.

Vanquished Creatures (others)
  An ogre zombie (D:5)
1 creature vanquished.

Grand Total: 99 creatures vanquished

Notes
Turn   | Place    | Note
-------+----------+-------------------------------------------
     0 | D:1      | JustSomeDude the Demonspawn Fighter began the quest for the Orb.
     0 | D:1      | Reached XP level 1. HP: 18/18 MP: 1/1
    77 | D:1      | Found an iron altar of Okawaru.
   192 | D:1      | Gained mutation: You have sharp toenails. [demonic ancestry]
   192 | D:1      | Reached XP level 2. HP: 22/24 MP: 2/2
   261 | D:1      | Reached skill level 3 in Shields
   447 | D:2      | Found a white marble altar of Elyvilon.
   611 | D:2      | Gained mutation: When hurt, damage is shared between your health and your magic reserves. [demonic ancestry]
   611 | D:2      | Reached XP level 3. HP: 26/29 MP: 3/3
   707 | D:3      | Found an opulent altar of Gozag.
   709 | D:3      | Found a bloodstained altar of Trog.
  1267 | D:4      | Reached skill level 1 in Dodging
  1267 | D:4      | Gained mutation: You have razor-sharp toenails. [demonic ancestry]
  1267 | D:4      | Reached XP level 4. HP: 30/35 MP: 4/4
  1278 | D:4      | Noticed a phantom
  1355 | D:4      | Killed a phantom
  1355 | D:4      | Reached XP level 5. HP: 28/41 MP: 5/5
  1357 | D:5      | Entered Level 5 of the Dungeon
  1411 | D:5      | Found a staircase to the Ecumenical Temple.
  1419 | Temple   | Entered the Ecumenical Temple
  1429 | Temple   | Became a worshipper of Yredelemnul the Dark
  2195 | D:3      | Reached * piety under Yredelemnul
  2454 | D:4      | Gained mutation: You regenerate magic rapidly. [demonic ancestry]
  2454 | D:4      | Reached XP level 6. HP: 46/47 MP: 6/6
  2592 | D:4      | Reached skill level 4 in Shields
  2823 | D:4      | Found a blossoming altar of Fedhas.
  2826 | D:4      | Found a stormy altar of Qazlal.
  3121 | D:5      | Gained mutation: When low on magic, you restore magic in place of health. [demonic ancestry]
  3121 | D:5      | Reached XP level 7. HP: 36/53 MP: 5/7
  3477 | D:5      | Noticed Eustachio
  3509 | D:5      | Killed Eustachio
  3509 | D:5      | Reached skill level 5 in Shields
  3623 | D:5      | Noticed Prince Ribbit
  3649 | D:5      | Killed Prince Ribbit
  3649 | D:5      | Reached skill level 1 in Stealth
  3769 | D:5      | Reached ** piety under Yredelemnul
  3769 | D:5      | Gained mutation: Your flesh is cold resistant. (rC+) [demonic ancestry]
  3769 | D:5      | Reached XP level 8. HP: 56/60 MP: 8/8
  3796 | D:5      | Found a runed door.
  3934 | D:5      | Noticed Crazy Yiuf
  3955 | D:5      | Slain by Crazy Yiuf

Vault maps used:
D:1:      dpeg_arrival_rooms_b, okawaru_ov_weapons_minmay
D:2:      lemuel_crystal_altar, grunt_decor_one_mirror, hangedman_decor_growths,
          minmay_misc_feat_chi
D:3:      nicolae_overflow_hidden_temple
D:4:      grunt_temple_overflow_forces_of_nature, first_bread,
          grunt_ministairs_10, lemuel_old_faithful
D:5:      uniq_crazy_yiuf_cottage, uniq_prince_ribbit1, uniq_eustachio
Temple:   eino_narrow_crystal_temple

Skill      XL: |  1  2  3  4  5  6  7 |
---------------+----------------------+-----
Polearms       | 2 3 |  3.9
Shields        | 3 4 5 |  5.2
Armour         | 3 4 |  4.8
Dodging        | 1 2 3 |  3.5
Fighting       | 4 |  4.0
Stealth        | 1 |  1.3

Action                   |  1- 3 |  4- 6 |  7- 9 || total
-------------------------+-------+-------+-------++-------
Melee: Trident           |    33 |       |       ||    33
       Spear             |    91 |   253 |    68 ||   412
       Kick              |    15 |    59 |    18 ||    92
Invok: Animate Remains   |       |     1 |     1 ||     2
  Use: Potion            |       |       |     1 ||     1
 Stab: Distracted        |       |       |     1 ||     1
  Eat: Chunk             |     1 |     7 |     3 ||    11
Armor: Scale mail        |    25 |    53 |    34 ||   112
Dodge: Dodged            |    23 |    48 |    28 ||    99
Block: Shield            |    33 |    78 |    45 ||   156
